 Dungeon Crawl Stone Soup version 0.31-a0-246-g8cbcc1cb85 (webtiles) character file.

Game seed: 6327359655581624365

317 garrulousMonolith the Changeling (level 6, -6/51 HPs)
             Began as a Gnoll Shapeshifter on July 12, 2023.
             Mangled by Duvessa
             ... wielding a +0 short sword
              (9 damage)
             ... on level 4 of the Dungeon.
             The game lasted 00:04:06 (3318 turns).

garrulousMonolith the Changeling (GnSh)             Turns: 3318, Time: 00:04:07

Health: -6/51      AC:  8    Str: 17    XL:     6   Next: 44%
Magic:  9/9        EV:  9    Int:  7    God:
Gold:   71         SH:  5    Dex: 12    Spells: 9/9 levels left

rFire   + .          .
                       - Unarmed
rCold   + . .        (no shield)
rNeg    . . .        f - +0 chain mail
rPois   +            r - melded +1 helmet
rElec   +            (cloak currently unavailable)
rCorr   +            y - melded +0 pair of gloves
SInv    .            g - melded +0 pair of boots
Will    .....        l - amulet of reflection Stlth
                     m - ring of wizardry
HPRegen 0.28/turn    u - ring of flight
MPRegen 0.11/turn

%: reflection, wizardry (x1)
@: lit by a corona, beast-form, resistant, flying, glowing
A: beast (slay +4), fangs 1, strong nose, distributed training
a: no special abilities


You were on level 4 of the Dungeon.
You were a hulking beast.
You visited 1 branch of the dungeon, and saw 4 of its levels.

You collected 143 gold pieces.
You spent 72 gold pieces at shops.

Inventory:

Hand Weapons
 j - a +4 dagger
Missiles
 n - 3 curare-tipped darts
 o - 6 silver javelins
Armour
 f - a +0 chain mail (worn)
 g - a +0 pair of boots (melded)
 r - a +1 helmet (melded)
 y - a +0 pair of gloves (melded)
 A - an orb of guile
Jewellery
 l - an amulet of reflection (around neck)
 m - a ring of wizardry (left hand)
 u - a ring of flight (right hand)
Talismans
 c - a beast talisman
Scrolls
 a - 2 scrolls of noise {unknown}
 d - a scroll of immolation
 h - a scroll of enchant weapon {unknown}
 k - 4 scrolls of teleportation {unknown}
 p - 3 scrolls of acquirement {unknown}
 q - a scroll of vulnerability {unknown}
 t - a scroll of silence {unknown}
 v - a scroll of fear {unknown}
 w - 2 scrolls of fog
 z - a scroll of poison {unknown}
 B - a scroll of identify
Potions
 b - a potion of lignification
 e - a potion of resistance
 i - a potion of mutation {unknown}
 s - 2 potions of ambrosia
 x - a potion of attraction


   Skills:
 + Level 5.0 Fighting
 + Level 2.0 Short Blades
 + Level 2.0 Long Blades
 + Level 2.0 Axes
 + Level 2.0 Maces & Flails
 + Level 2.0 Polearms
 + Level 2.0 Staves
 + Level 2.0 Ranged Weapons
 + Level 2.0 Throwing
 + Level 2.0 Armour
 + Level 5.0 Dodging
 + Level 2.0 Stealth
 + Level 2.0 Shields
 + Level 5.0 Unarmed Combat
 + Level 2.0 Spellcasting
 + Level 1.6 Conjurations
 + Level 1.6 Hexes
 + Level 1.6 Summonings
 + Level 1.6 Necromancy
 + Level 1.6 Translocations
 + Level 1.6 Transmutations
 + Level 1.6 Fire Magic
 + Level 1.6 Ice Magic
 + Level 1.6 Air Magic
 + Level 1.6 Earth Magic
 + Level 1.6 Poison Magic
 + Level 2.2 Invocations
 + Level 2.0 Evocations
 + Level 6.7 Shapeshifting


You had 9 spell levels left.
You didn't know any spells.
Your spell library contained the following spells:

 Spells                   Type           Power      Damage    Failure   Level
 Shock                    Conj/Air       8%         1d3       63%         1
 Wereblood                Tmut           2%         N/A       77%         2
 Hailstorm                Conj/Ice       2%         3d3       92%         3
 Swiftness                Air            2%         N/A       92%         3
 Airstrike                Air            1%         2d(1-17)  100%        4
 Summon Ice Beast         Ice/Summ       2%         N/A       100%        4
 Irradiate                Conj/Tmut      1%         3d12      100%        5
 Simulacrum               Ice/Necr       1%         N/A       100%        6


Dungeon Overview and Level Annotations

Branches:
Dungeon (4/15)
 Temple: D:4-7

Altars:
Nemelex Xobeh
Qazlal
Yredelemnul
The Shining One

Shops:
D:3 (   D:4 ?

Annotations:
D:4 Dowan, Duvessa


Innate Abilities, Weirdness & Mutations

You are a hulking beast.
Your limbs bulge with bestial killing power. (Slay +4)
You have very sharp teeth.
Your uncanny sense of smell can sniff out nearby items.
Your experience applies equally to all skills.


Message History

Duvessa seems to speed up.
You punch Duvessa! You bite Duvessa, but do no damage.
Duvessa is moderately wounded.
You block Duvessa's attack. The endoplasm freezes you.
You are frozen.
Dowan closely misses you. Duvessa hits you with a +0 short sword.
* * * LOW HITPOINT WARNING * * *
You feel protected. Duvessa barely misses you.
The endoplasm hits you but does no damage.
Dowan hits you with a +0 dagger.
* * * LOW HITPOINT WARNING * * *
You hit Duvessa.
Duvessa is moderately wounded.
Duvessa hits you with a +0 short sword.
* * * LOW HITPOINT WARNING * * *
The endoplasm hits you.
* * * LOW HITPOINT WARNING * * *
Dowan gestures at you while chanting.
You are outlined in light.
Sorry, you're not good enough to have a special ability.
Okay, then.
You hit Duvessa.
Duvessa is moderately wounded.
Duvessa hits you with a +0 short sword.
* * * LOW HITPOINT WARNING * * *
The endoplasm closely misses you. Duvessa hits you but does no damage.
Dowan hits you but does no damage.
You hit Duvessa. You punch Duvessa.
Duvessa is severely wounded.
Duvessa hits you but does no damage.
The endoplasm hits you but does no damage.
You block Dowan's attack.
You hit Duvessa.
Duvessa is severely wounded.
You block Duvessa's attack.
The endoplasm hits you but does no damage.
Dowan hits you but does no damage. Duvessa hits you with a +0 short sword!
You die...

##### ##### .....####
#...# #...!...##
######^⌠.⌠ .........##
###......._.
..........###........⌠.⌠
...........†..#.####.#..
......>...#####.# #.#..
.......†.## #.# #....
..$...Jh.# #.# ###..
.<##..ee....# #.# ##.
#.#...##.# #.# #.
#...#.## # ### #.
#......# #. ##...###
###. ...# #... .### ∆
###. ##..


You could see Duvessa (fast), Dowan and an endoplasm.

Vanquished Creatures
  A hound (D:3)
  A sleepcap (D:4)
  An iguana (D:4)
  2 orc wizards
  Terence (D:3)
  5 adders
  An ufetubus (D:2)
  2 worms
  3 dart slugs
  4 orcs
  5 ball pythons
  9 bats
  8 endoplasms
  6 giant cockroaches
  9 goblins
  7 hobgoblins
  4 jackals (D:1)
  7 kobolds
  2 quokkas
  4 frilled lizards (D:1)
  7 rats
89 creatures vanquished.

Notes
Turn   | Place    | Note
-------+----------+-------------------------------------------
     0 | D:1      | garrulousMonolith the Gnoll Shapeshifter began the quest
                  | for the Orb.
     0 | D:1      | Reached XP level 1. HP: 20/20 MP: 1/1
    89 | D:1      | Reached XP level 2. HP: 15/26 MP: 2/2
   330 | D:1      | Reached XP level 3. HP: 31/31 MP: 3/3
   761 | D:1      | Reached skill level 1 in Invocations
  1120 | D:2      | Reached skill level 1 in Short Blades
  1120 | D:2      | Reached skill level 1 in Long Blades
  1120 | D:2      | Reached skill level 1 in Axes
  1120 | D:2      | Reached skill level 1 in Maces & Flails
  1120 | D:2      | Reached skill level 1 in Polearms
  1120 | D:2      | Reached skill level 1 in Staves
  1120 | D:2      | Reached skill level 1 in Ranged Weapons
  1120 | D:2      | Reached skill level 1 in Throwing
  1120 | D:2      | Reached skill level 1 in Armour
  1120 | D:2      | Reached skill level 1 in Stealth
  1120 | D:2      | Reached skill level 1 in Shields
  1120 | D:2      | Reached skill level 1 in Spellcasting
  1120 | D:2      | Reached skill level 1 in Evocations
  1134 | D:2      | Found a basalt altar of Yredelemnul.
  1207 | D:2      | Reached XP level 4. HP: 38/38 MP: 5/5
  1505 | D:2      | Reached skill level 1 in Conjurations
  1505 | D:2      | Reached skill level 1 in Hexes
  1505 | D:2      | Reached skill level 1 in Summonings
  1505 | D:2      | Reached skill level 1 in Necromancy
  1505 | D:2      | Reached skill level 1 in Translocations
  1505 | D:2      | Reached skill level 1 in Transmutations
  1505 | D:2      | Reached skill level 1 in Fire Magic
  1505 | D:2      | Reached skill level 1 in Ice Magic
  1505 | D:2      | Reached skill level 1 in Air Magic
  1505 | D:2      | Reached skill level 1 in Earth Magic
  1505 | D:2      | Reached skill level 1 in Poison Magic
  1926 | D:3      | Found Vetihoyph's Antique Weapon Emporium.
  1936 | D:3      | Reached XP level 5. HP: 24/43 MP: 5/7
  2261 | D:3      | Noticed Terence
  2273 | D:3      | Killed Terence
  2408 | D:3      | Found a stormy altar of Qazlal.
  2458 | D:4      | Found a glowing golden altar of the Shining One.
  2516 | D:4      | Reached XP level 6. HP: 29/50 MP: 8/8
  2757 | D:4      | Reached skill level 5 in Fighting
  2757 | D:4      | Reached skill level 5 in Dodging
  2757 | D:4      | Reached skill level 5 in Unarmed Combat
  3030 | D:4      | Found Kopaom's Magic Scroll Emporium.
  3036 | D:4      | Bought a scroll of identify for 24 gold pieces
  3036 | D:4      | Bought a scroll of fog for 48 gold pieces
  3060 | D:4      | Found a sparkling altar of Nemelex Xobeh.
  3303 | D:4      | Noticed Duvessa
  3307 | D:4      | Noticed Dowan
  3316 | D:4      | HP: 2/51 [Duvessa/+0 short sword (2)]
  3318 | D:4      | Mangled by Duvessa

Illustrated notes

Levels and vault maps discovered:
D:1:      mrwooster_arrival_statue, layout_loops_ring, minmay_pentomino_o4
D:2:      layout_basic, basic_altar, minmay_unequal
D:3:      layout_rooms, nicolae_overflow_hidden_temple, serial_shops, shop,
          uniq_terence
D:4:      layout_loops_ring, nemelex_xobeh_ov_fountains_minmay,
          tso_oasis_becter, serial_shops, nicolae_square_shop,
          kennysheep_small_square, uniq_duvessa

Skill      XL: |  1  2  3  4  5  6 |
---------------+-------------------+-----
Invocations    | 1 2 |  2.2
Short Blades   | 1 2 |  2.0
Long Blades    | 1 2 |  2.0
Axes           | 1 2 |  2.0
Maces & Flails | 1 2 |  2.0
Polearms       | 1 2 |  2.0
Staves         | 1 2 |  2.0
Ranged Weapons | 1 2 |  2.0
Throwing       | 1 2 |  2.0
Armour         | 1 2 |  2.0
Stealth        | 1 2 |  2.0
Shields        | 1 2 |  2.0
Spellcasting   | 1 2 |  2.0
Evocations     | 1 2 |  2.0
Conjurations   | 1 |  1.6
Hexes          | 1 |  1.6
Summonings     | 1 |  1.6
Necromancy     | 1 |  1.6
Translocations | 1 |  1.6
Transmutations | 1 |  1.6
Fire Magic     | 1 |  1.6
Ice Magic      | 1 |  1.6
Air Magic      | 1 |  1.6
Earth Magic    | 1 |  1.6
Poison Magic   | 1 |  1.6
Fighting       | 5 |  5.0
Dodging        | 5 |  5.0
Unarmed Combat | 5 |  5.0
Shapeshifting  | |  6.7

Action                     |  1- 3 |  4- 6 || total
---------------------------+-------+-------++-------
  Melee: Unarmed           |    89 |   126 ||   215
         Bite              |    11 |    14 ||    25
         Punch             |     3 |     8 ||    11
    Use: Scroll            |     1 |     4 ||     5
         Potion            |       |     1 ||     1
 Armour: Animal skin       |     6 |       ||     6
         Leather armour    |     1 |       ||     1
         Chain mail        |    12 |    60 ||    72
  Dodge: Dodged            |    54 |    41 ||    95
  Block: Other             |     3 |    32 ||    35
         Form:             |     2 |     2 ||     4
         Beast             |     2 |     2 ||     4

Table legend: (Time is in decaauts)
 A = Elapsed time spent in this place.
 B = Non-inter-level travel time spent in this place.
 C = Inter-level travel time spent in this place.
 D = Time resting spent in this place.
 E = Time spent auto-exploring this place.
 F = Levels seen in this place.
 G = Mean time per level.
                   A        B        C        D        E       F      G
               +--------+--------+--------+--------+--------+-----+--------+
         Total |   3298 |   3229 |     69 |    677 |   1908 |   4 |  824.5 |
       Dungeon |   3298 |   3229 |     69 |    677 |   1908 |   4 |  824.5 |
               +--------+--------+--------+--------+--------+-----+--------+

Top non-repeatable levels by time:
     D:1: 1051 daAuts
     D:4: 889 daAuts
     D:2: 864 daAuts
     D:3: 493 daAuts
